 Dungeon Crawl Stone Soup version 0.19.3-1-g3169bf9 (webtiles) character file.

13993 Alarkh the Bludgeoner (level 12, 0/130 HPs)
             Began as an Ogre Monk on Jan 25, 2017.
             Was the Champion of Okawaru.
             Slain by a five-headed hydra (14 damage)
             ... on level 2 of the Lair of Beasts.
             The game lasted 00:18:44 (12325 turns).

Alarkh the Bludgeoner (Ogre Monk)                  Turns: 12325, Time: 00:18:45

Health: 0/130      AC:  5    Str: 19    XL:     12   Next: 11%
Magic:  14/15      EV: 17    Int: 13    God:    Okawaru [******]
Gold:   372        SH:  0    Dex: 12    Spells: 1 memorised, 9 levels left

rFire  . . .     SeeInvis .     a - +0 giant club
rCold  . . .     Gourm    .     V - +2 robe
rNeg   . . .     Faith    .     (shield currently unavailable)
rPois  +         Spirit   .     (helmet restricted)
rElec  .         Reflect  .     (no cloak)
rCorr  .         Harm     .     (gloves unavailable)
MR     ++...                    (boots unavailable)
Stlth  +++.......               r - amulet of regeneration
                                k - ring of poison resistance
                                d - ring "Pymockal" {+Inv MR+}

@: heroism, repel missiles
A: unfitting armour, tough skin 1
a: Heroism, Finesse, Renounce Religion, Evoke Invisibility


You were on level 2 of the Lair of Beasts.
You worshipped Okawaru.
Okawaru was exalted by your worship.
You were not hungry.

You visited 3 branches of the dungeon, and saw 13 of its levels.

You collected 532 gold pieces.
You spent 160 gold pieces at shops.

Inventory:

Hand Weapons
 a - a +0 giant club (weapon)
 b - a +0 giant spiked club
Missiles
 p - a throwing net (quivered)
Armour
 V - a +2 robe (worn)
Rods
 q - a +0 lightning rod (11/11)
   (You found it on level 1 of the Lair of Beasts)
Jewellery
 d - the ring "Pymockal" (left hand) {+Inv MR+}
   (You found it on level 2 of the Lair of Beasts)

   [ring of protection from magic]

   It affects your resistance to hostile enchantments.
   It lets you turn invisible.
 k - a ring of poison resistance (right hand)
 r - an amulet of regeneration (around neck)
 Q - an uncursed ring of magical power
 X - an uncursed amulet of magic regeneration
Wands
 n - a wand of teleportation (5/9)
 E - a wand of acid (12/15)
 G - a wand of paralysis (13/24)
 R - a wand of disintegration (13/24)
 W - a wand of iceblast (8/15)
Scrolls
 e - a scroll of identify
 f - a scroll of remove curse
 i - 2 scrolls of amnesia
 j - 5 scrolls of enchant armour
 m - 3 scrolls of magic mapping
 o - 4 scrolls of blinking
 s - 7 scrolls of teleportation
 y - a scroll of recharging
 D - 4 scrolls of enchant weapon
 P - 3 scrolls of fear
 T - a scroll of fog
 Z - a scroll of vulnerability {unknown}
Potions
 g - a potion of might
 l - a potion of mutation {unknown}
 w - a potion of curing
 x - a potion of haste
 z - a potion of lignification
 F - a potion of flight
Comestibles
 c - 12 bread rations


   Skills:
 + Level 11.3(16.3) Fighting
 * Level 17.9(22.9) Maces & Flails
 + Level 8.2(13.2) Dodging
 - Level 1.4(6.4) Stealth
 + Level 4.5 Invocations


You had 9 spell levels left.
You knew the following spells:

 Your Spells              Type           Power        Failure   Level  Hunger
d - Repel Missiles        Chrm/Air       #.....       47%         2    ###....


Dungeon Overview and Level Annotations

Branches:
Dungeon (10/15)            Temple (1/1) D:7            Lair (2/6) D:8
  Swamp: Lair:2-4    Shoals: Lair:2-4     Snake: Lair:2-4    Spider: Lair:2-4
    Orc: D:9-12

Altars:
Ashenzari
Cheibriados
Dithmenos
Elyvilon
Fedhas
Gozag
Hepliaklqana
Kikubaaqudgha
Makhleb
Nemelex Xobeh
Okawaru
Qazlal
Ru
Sif Muna
Trog
Uskayaw
Vehumet
Xom
Yredelemnul
Zin
The Shining One

Shops:
D:4 !   D:9 (

Annotations:
D:7 exclusion: oklob plant
Lair:1 1 exclusion


Innate Abilities, Weirdness & Mutations

You are too large for most types of armour.
You have tough skin. (AC +1)


Message History

You sock the five-headed hydra!
The five-headed hydra is heavily wounded.
The five-headed hydra bites you. x2; The five-headed hydra bites you! x2
The five-headed hydra bites you.
* * * LOW HITPOINT WARNING * * *
Unknown command.
You bludgeon the five-headed hydra!!
The five-headed hydra is almost dead.
The five-headed hydra bites you but does no damage.
The five-headed hydra misses you.
The five-headed hydra bites you but does no damage.
The five-headed hydra bites you!
* * * LOW HITPOINT WARNING * * *
The five-headed hydra misses you.
You hit the five-headed hydra but do no damage.
The five-headed hydra is almost dead.
The five-headed hydra bites you!
* * * LOW HITPOINT WARNING * * *
The five-headed hydra misses you. x2; The five-headed hydra bites you!
You die...

###..#.##.#########..#..####PP#..
.................................
.................#P#.P.....####..
...............##########.## #.P
...............## ### ##.
................# ##
...............########### ### ##
...............###..##...###.###P
..............YD@................
...........#P#.###..#####..####..
#...P.#....##### #.###.##### ##.
#######...## ##.....### ##. #..h#
#........## #.. #....#
##.#......### #P. #Ph..P
##.....8....# ##. ##.h.##
#..#........####.
##.####.......##.


You could see a five-headed hydra and a yak.

Vanquished Creatures
  Snorg (D:10)
  Erolcha (D:9)
  A hill giant (D:10)
  Pikel (D:7)
  The ghost of dscm the Chopper, a novice HOFi (D:6)
  4 spiny frogs
  A komodo dragon (Lair:1)
  A rime drake (Lair:1)
  A troll (D:10)
  2 two-headed ogres (D:10)
  3 blink frogs (Lair:1)
  8 yaks
  Eustachio (D:4)
  3 hogs (D:10)
  A wyvern (D:8)
  A hungry ghost (D:10)
  A human (D:10)
  4 water moccasins
  11 porcupines
  2 ice beasts
  3 orc warriors
  An eye of draining (D:9)
  7 ogres
  3 centaurs
  6 wolves (Lair:2)
  7 crocodiles
  2 big kobolds (D:9)
  9 bullfrogs
  A scorpion (D:5)
  8 killer bees
  A centaur zombie (D:6)
  A crimson imp (D:9)
  5 orc priests
  A quasit (D:9)
  4 hounds
  2 jellies
  10 orc wizards
  A bullfrog skeleton (D:4)
  3 bullfrog zombies
  An iguana (D:7)
  Natasha (D:4)
  6 worker ants
  A killer bee zombie (D:10)
  A hound zombie (D:10)
  3 hound skeletons
  4 gnolls (D:5)
  6 adders
  5 shadow imps
  4 oozes
  2 adder zombies
  A worm (D:3)
  4 dart slugs
  5 leopard geckos
  39 orcs
  11 bats
  2 giant cockroaches (D:2)
  9 goblins
  9 hobgoblins
  7 jackals
  6 quokkas
  4 frilled lizards
  11 kobolds
  11 rats
277 creatures vanquished.

Vanquished Creatures (others)
  A fungus (Lair:2)
  13 toadstools (D:7)
14 creatures vanquished.

Grand Total: 291 creatures vanquished

Notes
Turn   | Place    | Note
-------+----------+-------------------------------------------
     0 | D:1      | Alarkh the Ogre Monk began the quest for the Orb.
     0 | D:1      | Reached XP level 1. HP: 24/24 MP: 1/1
   221 | D:1      | Reached XP level 2. HP: 16/32 MP: 2/2
   520 | D:1      | Reached skill level 5 in Maces & Flails
   710 | D:1      | Reached XP level 3. HP: 38/39 MP: 3/3
  1153 | D:2      | Reached skill level 6 in Maces & Flails
  1603 | D:2      | Reached XP level 4. HP: 38/48 MP: 4/4
  2171 | D:2      | Found a radiant altar of Vehumet.
  2209 | D:2      | Reached skill level 7 in Maces & Flails
  2319 | D:2      | Found an iron altar of Okawaru.
  2331 | D:2      | Became a worshipper of Warmaster Okawaru
  2331 | D:2      | Reached * piety under Okawaru
  2331 | D:2      | Reached ** piety under Okawaru
  2773 | D:3      | Found a glowing silver altar of Zin.
  2841 | D:3      | Reached XP level 5. HP: 44/54 MP: 5/5
  3131 | D:2      | HP: 2/54 [orc wizard/puff of flame (7)]
  3610 | D:3      | Found a shimmering altar of Xom.
  3809 | D:3      | Reached skill level 8 in Maces & Flails
  4017 | D:3      | Noticed an ice beast
  4027 | D:3      | HP: 1/54 [ice beast (5)]
  4085 | D:3      | Reached XP level 6. HP: 9/62 MP: 6/6
  4378 | D:3      | Killed an ice beast
  4378 | D:3      | Reached skill level 9 in Maces & Flails
  4425 | D:3      | Found a sparkling altar of Nemelex Xobeh.
  4482 | D:4      | Noticed Eustachio
  4495 | D:4      | Killed Eustachio
  4495 | D:4      | Reached skill level 10 in Maces & Flails
  4495 | D:4      | Reached XP level 7. HP: 61/70 MP: 7/7
  4567 | D:4      | Reached skill level 11 in Maces & Flails
  4771 | D:4      | Found Etein's Distillery.
  4776 | D:4      | Bought a potion of curing for 30 gold pieces
  4776 | D:4      | Bought a potion of haste for 100 gold pieces
  4776 | D:4      | Bought a potion of lignification for 30 gold pieces
  4811 | D:4      | Noticed Natasha
  4821 | D:4      | Killed Natasha
  5107 | D:5      | Entered Level 5 of the Dungeon
  5212 | D:5      | Reached XP level 8. HP: 78/78 MP: 8/8
  5314 | D:5      | Reached *** piety under Okawaru
  5314 | D:5      | Reached skill level 12 in Maces & Flails
  5767 | D:6      | Noticed dscm's ghost (novice HOFi)
  5986 | D:6      | Killed dscm's ghost
  5986 | D:6      | Reached skill level 5 in Fighting
  6219 | D:6      | Reached skill level 13 in Maces & Flails
  6237 | D:6      | Reached XP level 9. HP: 66/89 MP: 9/9
  6286 | D:6      | Found a shattered altar of Ashenzari.
  6590 | D:7      | Found a staircase to the Ecumenical Temple.
  6617 | Temple   | Entered the Ecumenical Temple
  6865 | D:7      | Found a blossoming altar of Fedhas.
  6884 | D:7      | Noticed an oklob plant
  6930 | D:7      | Found a deep blue altar of Sif Muna.
  7012 | D:7      | Found a shadowy altar of Dithmenos.
  7096 | D:7      | Noticed Pikel
  7122 | D:7      | Killed Pikel
  7122 | D:7      | Reached skill level 5 in Dodging
  7484 | D:8      | Found a glowing golden altar of the Shining One.
  7514 | D:8      | Found a bloodstained altar of Trog.
  7542 | D:8      | Reached skill level 14 in Maces & Flails
  7550 | D:8      | Found a snail-covered altar of Cheibriados.
  7571 | D:8      | Found a staircase to the Lair.
  7985 | D:8      | Reached **** piety under Okawaru
  8141 | D:8      | Reached XP level 10. HP: 99/104 MP: 10/10
  8509 | D:9      | Found Lisydeni's Antique Weapon Emporium.
  8591 | D:9      | Reached skill level 15 in Maces & Flails
  8611 | D:9      | Noticed Erolcha
  8631 | D:9      | Killed Erolcha
  9096 | D:10     | Entered Level 10 of the Dungeon
  9108 | D:10     | Noticed a hill giant
  9122 | D:10     | Killed a hill giant
  9241 | D:10     | Reached ***** piety under Okawaru
  9342 | D:10     | Reached skill level 16 in Maces & Flails
  9483 | D:10     | Noticed Snorg
  9540 | D:10     | Killed Snorg
  9540 | D:10     | Reached XP level 11. HP: 65/117 MP: 11/11
  9645 | D:10     | Reached skill level 10 in Fighting
  9920 | D:10     | Reached skill level 1 in Invocations
 10235 | Lair:1   | Entered Level 1 of the Lair of Beasts
 10304 | Lair:1   | Reached skill level 17 in Maces & Flails
 11163 | Lair:2   | Reached ****** piety under Okawaru
 11200 | Lair:2   | Learned a level 2 spell: Repel Missiles
 11508 | Lair:2   | Got a smoking steel ring
 11612 | Lair:2   | Identified the ring "Pymockal" {+Inv MR+} (You found it on level 2 of the Lair of Beasts)
 11756 | Lair:2   | Reached XP level 12. HP: 118/130 MP: 13/15
 12165 | Lair:1   | Found a shattered altar of Ashenzari.
 12311 | Lair:2   | Noticed a five-headed hydra
 12325 | Lair:2   | Slain by a five-headed hydra

Skill      XL: |  1  2  3  4  5  6  7  8  9 10 11 |
---------------+----------------------------------+-----
Maces & Flails | 5 6 7 8 10 11 13 14 16 17 | 17.9
Dodging        | 4 5 7 8 |  8.2
Fighting       | 6 8 9 11 | 11.3
Invocations    | 4 |  4.5
Stealth        | |  1.4

Action                   |  1- 3 |  4- 6 |  7- 9 | 10-12 || total
-------------------------+-------+-------+-------+-------++-------
Melee: Mace              |   113 |   161 |       |       ||   274
       Flail             |       |    32 |       |       ||    32
       Giant club        |       |     6 |   265 |   427 ||   698
       Punch             |       |     2 |       |       ||     2
 Cast: Repel Missiles    |       |       |       |     1 ||     1
Invok: Heroism           |       |     4 |     4 |     9 ||    17
Evoke: Wand              |       |       |       |     2 ||     2
  Use: Potion            |     2 |     8 |     2 |     2 ||    14
       Scroll            |       |     2 |    11 |     6 ||    19
 Stab: Sleeping          |     5 |     3 |     2 |     3 ||    13
       Distracted        |       |     1 |       |       ||     1
  Eat: Chunk             |     2 |    10 |    12 |    17 ||    41
       Fruit             |       |       |       |     1 ||     1
Armor: Robe              |    33 |    39 |    29 |    63 ||   164
Dodge: Dodged            |    83 |   126 |   129 |   257 ||   595
       Deflected         |       |       |       |     1 ||     1
